| TOP OF THE 1ST |
|
Miami Marlins batting - Pitching for Arizona Diamondbacks : RHP Marcus Wolfe
|
|
Pitching: RHP Marcus Wolfe
|
|
|
Batting: RHB Roger Salazar
|
0-0: Called Strike 0-1: Ball 1-1: Ball 2-1: Foul Ball, location: 2F 2-2: Strikes out swinging
|
|
Batting: RHB Bert Clark
|
0-0: Ball 1-0: Called Strike 1-1: Ball 2-1: Foul Ball, location: 2F 2-2: Strikes out looking
|
|
Batting: LHB Andre Gorter
|
0-0: Called Strike 0-1: DOUBLE (Flyball, 9LD, EV 108.1 MPH)
|
|
Batting: LHB Adam Durgin
|
0-0: Ball 1-0: Swinging Strike 1-1: Foul Ball, location: 2F 1-2: Strikes out swinging
|
| Top of the 1st over - 0 runs, 1 hit, 0 errors, 1 left on base; Miami 0 - Arizona 0 |
| BOTTOM OF THE 1ST |
|
Arizona Diamondbacks batting - Pitching for Miami Marlins : RHP Tim Barnett
|
|
Pitching: RHP Tim Barnett
|
|
|
Batting: LHB Mike Mentzer
|
0-0: Foul Ball, location: 2F 0-1: Ball 1-1: Ball 2-1: Swinging Strike 2-2: Ball 3-2: Base on Balls
|
|
Batting: RHB Katilimomi Kelekolio
|
0-0: Ball 1-0: Called Strike 1-1: Swinging Strike 1-2: Ball 2-2: Foul Ball, location: 2F 2-2: Strikes out swinging
|
|
Batting: SHB Alec Thorpe
|
0-0: Ball Mike Mentzer is caught stealing 2nd base 2-6 1-0: Ground out 5-3 (Groundball, 56, EV 84.4 MPH)
|
| Bottom of the 1st over - 0 runs, 0 hits, 0 errors, 0 left on base; Miami 0 - Arizona 0 |
| TOP OF THE 2ND |
|
Miami Marlins batting - Pitching for Arizona Diamondbacks : RHP Marcus Wolfe
|
|
Batting: RHB Jimmy Groseclose
|
0-0: Foul Ball, location: 2F 0-1: Ground out 5-3 (Groundball, 56S, EV 83.8 MPH)
|
|
Batting: RHB Tony Stedman
|
0-0: Fly out, F8 (Flyball, 78XD, EV 88.1 MPH)
|
|
Batting: RHB Mike Gar
|
0-0: Called Strike 0-1: Ball 1-1: Ball 2-1: Swinging Strike 2-2: Fly out, F9 (Flyball, 9LS, EV 75.6 MPH)
|
| Top of the 2nd over - 0 runs, 0 hits, 0 errors, 0 left on base; Miami 0 - Arizona 0 |
| BOTTOM OF THE 2ND |
|
Arizona Diamondbacks batting - Pitching for Miami Marlins : RHP Tim Barnett
|
|
Batting: SHB Perry Tuckfard
|
0-0: Ball 1-0: Ball 2-0: Ball 3-0: Called Strike 3-1: Ground out U3 (Groundball, 34S, EV 86.2 MPH)
|
|
Batting: LHB Joel Kunkler
|
0-0: Foul Ball, location: 2F 0-1: Foul Ball, location: 2F 0-2: Ball 1-2: Foul Ball, location: 2F 1-2: Strikes out swinging
|
|
Batting: RHB Jim Zucco
|
0-0: DOUBLE (Line Drive, 7LS, EV 102.5 MPH)
|
|
Batting: SHB Salvador Aragon
|
0-0: Ball 1-0: Ball 2-0: Called Strike 2-1: Ball 3-1: Foul Ball, location: 2F 3-2: Fly out, F7 (Flyball, 7LD, EV 106.9 MPH)
|
| Bottom of the 2nd over - 0 runs, 1 hit, 0 errors, 1 left on base; Miami 0 - Arizona 0 |
| TOP OF THE 3RD |
|
Miami Marlins batting - Pitching for Arizona Diamondbacks : RHP Marcus Wolfe
|
|
Batting: RHB Alberto Cotto
|
0-0: Ball 1-0: Ball 2-0: Ball 3-0: Base on Balls
|
|
Batting: RHB Willie Chavez
|
0-0: Fly out, F8 (Flyball, 78D, EV 88.1 MPH)
|
|
Batting: RHB Roger Salazar
|
0-0: Foul Ball, location: 2F 0-1: Ball 1-1: Swinging Strike 1-2: Ball 2-2: Foul Ball, location: 2F 2-2: SINGLE (Line Drive, 7S, EV 98.8 MPH) Alberto Cotto to second
|
|
Batting: RHB Bert Clark
|
0-0: Ball 1-0: Foul Ball, location: 2F 1-1: Ball 2-1: Called Strike 2-2: Foul Ball, location: 2F 2-2: Ball 3-2: Grounds into double play, 6-4-3 (Groundball, 6, EV 87.5 MPH)
|
| Top of the 3rd over - 0 runs, 1 hit, 0 errors, 1 left on base; Miami 0 - Arizona 0 |
| BOTTOM OF THE 3RD |
|
Arizona Diamondbacks batting - Pitching for Miami Marlins : RHP Tim Barnett
|
|
Batting: RHB Bob Najar
|
0-0: Ball 1-0: Ball 2-0: Foul Ball, location: 2F 2-1: Foul Ball, location: 2F 2-2: Foul Ball, location: 2F 2-2: Foul Ball, location: 2F 2-2: Fly out, F9 (Line Drive, 9, EV 93.8 MPH)
|
|
Batting: SHB Warren Eisner
|
0-0: Ball 1-0: Ball 2-0: Called Strike 2-1: Foul Ball, location: 2F 2-2: Ball 3-2: Foul Ball, location: 2F 3-2: Foul Ball, location: 2F 3-2: Foul Ball, location: 2F 3-2: Foul Ball, location: 2F 3-2: Foul Ball, location: 2F 3-2: Base on Balls
|
|
Batting: LHB Mike Mentzer
|
0-0: Swinging Strike 0-1: Swinging Strike 0-2: Foul Ball, location: 2F 0-2: Strikes out looking
|
|
Batting: RHB Katilimomi Kelekolio
|
0-0: SINGLE (Groundball, 56S, EV 66.9 MPH) (infield hit) Warren Eisner to second
|
|
Batting: SHB Alec Thorpe
|
0-0: Ball 1-0: SINGLE (Line Drive, 8RS, EV 100.6 MPH) Warren Eisner to third Katilimomi Kelekolio to second Runner from 3rd tries for Home, SAFE, throw by CF to home
|
|
Batting: SHB Perry Tuckfard
|
0-0: Ground out U3 (Groundball, 34, EV 78.8 MPH)
|
| Bottom of the 3rd over - 1 run, 2 hits, 0 errors, 2 left on base; Miami 0 - Arizona 1 |
| TOP OF THE 4TH |
|
Miami Marlins batting - Pitching for Arizona Diamondbacks : RHP Marcus Wolfe
|
|
Batting: LHB Andre Gorter
|
0-0: Ball 1-0: Foul Ball, location: 2F 1-1: Ball 2-1: Called Strike 2-2: Strikes out swinging
|
|
Batting: LHB Adam Durgin
|
0-0: Called Strike 0-1: Called Strike 0-2: Fly out, F6 (Popup, 6S, EV 68.1 MPH)
|
|
Batting: RHB Jimmy Groseclose
|
0-0: Ball 1-0: Ball 2-0: Called Strike 2-1: Swinging Strike 2-2: Strikes out swinging
|
| Top of the 4th over - 0 runs, 0 hits, 0 errors, 0 left on base; Miami 0 - Arizona 1 |
| BOTTOM OF THE 4TH |
|
Arizona Diamondbacks batting - Pitching for Miami Marlins : RHP Tim Barnett
|
|
Batting: LHB Joel Kunkler
|
0-0: Ball 1-0: Foul Ball, location: 2F 1-1: Swinging Strike 1-2: Hit by Pitch
|
|
Batting: RHB Jim Zucco
|
0-0: Ball 1-0: Fly out, F7 (Line Drive, 7D, EV 97.5 MPH)
|
|
Batting: SHB Salvador Aragon
|
0-0: Ball 1-0: Ball 2-0: Ball 3-0: Base on Balls Joel Kunkler to second
|
|
Batting: RHB Bob Najar
|
0-0: Ball 1-0: Ball 2-0: Swinging Strike 2-1: Ball 3-1: SINGLE (Groundball, 34D, EV 109.4 MPH) Joel Kunkler to third Salvador Aragon to second Runner from 3rd tries for Home, throw by RF and OUT! 9-2
|
|
Batting: SHB Warren Eisner
|
0-0: Foul Ball, location: 2F 0-1: Ball 1-1: 3-RUN HOME RUN (Flyball, 89XD, EV 107.5 MPH), Distance : 408 ft
|
|
Batting: LHB Mike Mentzer
|
0-0: Foul Ball, location: 2F 0-1: Ball 1-1: Ball 2-1: Swinging Strike 2-2: Ball 3-2: Foul Ball, location: 2F 3-2: Foul Ball, location: 2F 3-2: Base on Balls
|
|
Batting: RHB Katilimomi Kelekolio
|
0-0: Called Strike 0-1: Ground out 6-3 (Groundball, 6M, EV 100.6 MPH)
|
| Bottom of the 4th over - 3 runs, 2 hits, 0 errors, 1 left on base; Miami 0 - Arizona 4 |
| TOP OF THE 5TH |
|
Miami Marlins batting - Pitching for Arizona Diamondbacks : RHP Marcus Wolfe
|
|
Batting: RHB Tony Stedman
|
0-0: Foul Ball, location: 2F 0-1: Foul Ball, location: 2F 0-2: Strikes out swinging
|
|
Batting: RHB Mike Gar
|
0-0: Called Strike 0-1: Foul Ball, location: 2F 0-2: Strikes out looking
|
|
Batting: RHB Alberto Cotto
|
0-0: Ball 1-0: Ball 2-0: Called Strike 2-1: Ball 3-1: Base on Balls
|
|
Batting: RHB Willie Chavez
|
0-0: Called Strike Alberto Cotto is caught stealing 2nd base 2-4
|
| Top of the 5th over - 0 runs, 0 hits, 0 errors, 0 left on base; Miami 0 - Arizona 4 |
| BOTTOM OF THE 5TH |
|
Arizona Diamondbacks batting - Pitching for Miami Marlins : RHP Tim Barnett
|
|
Batting: SHB Alec Thorpe
|
0-0: Swinging Strike 0-1: Foul Ball, location: 2F 0-2: Ball 1-2: Ground out 6-3 (Groundball, 6, EV 80.6 MPH)
|
|
Batting: SHB Perry Tuckfard
|
0-0: Foul Ball, location: 2F 0-1: Ball 1-1: Called Strike 1-2: SINGLE (Line Drive, 9S, EV 106.2 MPH)
|
|
Batting: LHB Joel Kunkler
|
0-0: Called Strike Perry Tuckfard steals 2nd base 0-1: Ball 1-1: Swinging Strike 1-2: Strikes out swinging
|
|
Pitching: RHP Chris Nickerson
|
|
|
Batting: RHB Jim Zucco
|
0-0: Called Strike 0-1: Foul Ball, location: 2F 0-2: Strikes out swinging
|
| Bottom of the 5th over - 0 runs, 1 hit, 0 errors, 1 left on base; Miami 0 - Arizona 4 |
| TOP OF THE 6TH |
|
Miami Marlins batting - Pitching for Arizona Diamondbacks : RHP Marcus Wolfe
|
|
Batting: RHB Willie Chavez
|
0-0: Ball 1-0: Ball 2-0: SINGLE (Line Drive, 5D, EV 109.4 MPH)
|
|
Batting: RHB Roger Salazar
|
0-0: Ball 1-0: Ball 2-0: Called Strike 2-1: Foul Ball, location: 2F 2-2: Strikes out swinging
|
|
Batting: RHB Bert Clark
|
0-0: Called Strike 0-1: Ball 1-1: Called Strike 1-2: Foul Ball, location: 2F 1-2: Fly out, F7 (Flyball, 7, EV 86.9 MPH)
|
|
Batting: LHB Andre Gorter
|
0-0: Called Strike 0-1: Foul Ball, location: 2F 0-2: Foul Ball, location: 2F 0-2: Ball 1-2: Foul Ball, location: 2F 1-2: Strikes out swinging
|
| Top of the 6th over - 0 runs, 1 hit, 0 errors, 1 left on base; Miami 0 - Arizona 4 |
| BOTTOM OF THE 6TH |
|
Arizona Diamondbacks batting - Pitching for Miami Marlins : RHP Chris Nickerson
|
|
Batting: SHB Salvador Aragon
|
0-0: Ball 1-0: SINGLE (Flyball, 6D, EV 89.4 MPH)
|
|
Batting: RHB Bob Najar
|
0-0: Ball 1-0: Swinging Strike 1-1: SINGLE (Flyball, 34D, EV 94.4 MPH) Salvador Aragon to second
|
|
Batting: SHB Warren Eisner
|
0-0: Called Strike 0-1: Called Strike 0-2: Fly out, F9 (Flyball, 89S, EV 85.0 MPH)
|
|
Batting: LHB Mike Mentzer
|
0-0: Fielders Choice at 2nd, 4-6 (Groundball, 4, EV 106.9 MPH) Salvador Aragon to third
|
|
Batting: RHB Katilimomi Kelekolio
|
0-0: Swinging Strike 0-1: Swinging Strike 0-2: Foul Ball, location: 2F 0-2: Strikes out looking
|
| Bottom of the 6th over - 0 runs, 2 hits, 0 errors, 2 left on base; Miami 0 - Arizona 4 |
| TOP OF THE 7TH |
|
Miami Marlins batting - Pitching for Arizona Diamondbacks : RHP Marcus Wolfe
|
|
Batting: LHB Adam Durgin
|
0-0: Foul Ball, location: 2F 0-1: Called Strike 0-2: Ball 1-2: Ball 2-2: Foul Ball, location: 2F 2-2: Strikes out looking
|
|
Batting: RHB Jimmy Groseclose
|
0-0: SINGLE (Groundball, 6MD, EV 111.2 MPH)
|
|
Batting: RHB Tony Stedman
|
0-0: SINGLE (Groundball, 56D, EV 100.0 MPH) Jimmy Groseclose to second
|
|
Batting: RHB Mike Gar
|
0-0: Called Strike 0-1: Foul Ball, location: 2F 0-2: Foul Ball, location: 2F 0-2: Strikes out looking
|
|
Batting: RHB Alberto Cotto
|
0-0: Ball 1-0: Called Strike 1-1: Called Strike 1-2: Ball 2-2: Foul Ball, location: 2F 2-2: Foul Ball, location: 2F 2-2: Fielders Choice at 2nd, 6-4 (Groundball, 6, EV 107.5 MPH)
|
| Top of the 7th over - 0 runs, 2 hits, 0 errors, 2 left on base; Miami 0 - Arizona 4 |
| BOTTOM OF THE 7TH |
|
Arizona Diamondbacks batting - Pitching for Miami Marlins : RHP Chris Nickerson
|
|
Batting: SHB Alec Thorpe
|
0-0: Foul Ball, location: 2F 0-1: SINGLE (Line Drive, 8RS, EV 103.1 MPH)
|
|
Batting: SHB Perry Tuckfard
|
0-0: Ball 1-0: Foul Ball, location: 2F 1-1: Ball 2-1: Called Strike 2-2: Strikes out looking
|
|
Batting: LHB Joel Kunkler
|
0-0: Called Strike 0-1: Called Strike 0-2: Strikes out swinging
|
|
Batting: RHB Jim Zucco
|
0-0: Called Strike Alec Thorpe steals 2nd base 0-1: Ground out 6-3 (Groundball, 6, EV 105.6 MPH)
|
| Bottom of the 7th over - 0 runs, 1 hit, 0 errors, 1 left on base; Miami 0 - Arizona 4 |
| TOP OF THE 8TH |
|
Miami Marlins batting - Pitching for Arizona Diamondbacks : RHP Marcus Wolfe
|
|
Pitching: RHP Stanford Placard
|
|
|
Batting: RHB Willie Chavez
|
0-0: Called Strike 0-1: Foul Ball, location: 2F 0-2: Strikes out looking
|
|
Batting: RHB Roger Salazar
|
0-0: Foul Ball, location: 2F 0-1: Foul Ball, location: 2F 0-2: Fly out, F9 (Flyball, 89M, EV 86.9 MPH)
|
|
Batting: RHB Bert Clark
|
0-0: Ball 1-0: Ball 2-0: Called Strike 2-1: Ball 3-1: Foul Ball, location: 2F 3-2: Strikes out looking
|
| Top of the 8th over - 0 runs, 0 hits, 0 errors, 0 left on base; Miami 0 - Arizona 4 |
| BOTTOM OF THE 8TH |
|
Arizona Diamondbacks batting - Pitching for Miami Marlins : RHP Chris Nickerson
|
|
Pitching: RHP Matt Murray
|
|
|
Batting: SHB Salvador Aragon
|
0-0: Called Strike 0-1: Foul Ball, location: 2F 0-2: Ball 1-2: Fly out, F7 (Flyball, 7LMF, EV 90.0 MPH)
|
|
Batting: RHB Bob Najar
|
0-0: Foul Ball, location: 2F 0-1: Ball 1-1: Foul Ball, location: 2F 1-2: Ball 2-2: Fly out, F8 (Flyball, 8RD, EV 87.5 MPH)
|
|
Batting: SHB Warren Eisner
|
0-0: Ball 1-0: Foul Ball, location: 2F 1-1: Ball 2-1: Foul Ball, location: 2F 2-2: Ball 3-2: Foul Ball, location: 2F 3-2: Strikes out swinging
|
| Bottom of the 8th over - 0 runs, 0 hits, 0 errors, 0 left on base; Miami 0 - Arizona 4 |
| TOP OF THE 9TH |
|
Miami Marlins batting - Pitching for Arizona Diamondbacks : RHP Stanford Placard
|
|
Pitching: RHP Rich Garces
|
|
|
Batting: LHB Andre Gorter
|
0-0: Fly out, F9 (Flyball, 89S, EV 88.1 MPH)
|
|
Batting: LHB Adam Durgin
|
0-0: Fly out, F9 (Flyball, 9S, EV 85.0 MPH)
|
|
Batting: RHB Jimmy Groseclose
|
0-0: Foul Ball, location: 2F 0-1: Foul Ball, location: 2F 0-2: Ball 1-2: Ball 2-2: Ball 3-2: Strikes out swinging
|
| Top of the 9th over - 0 runs, 0 hits, 0 errors, 0 left on base; Miami 0 - Arizona 4 |
|